 Dungeon Crawl Stone Soup version 0.30-a0-737-gf23d94013f (webtiles) character file.

Game seed: 8893732109919340427

1 jimonade the Grasshopper (level 1, -1/20 HPs)
             Began as a Gnoll Warper on Feb 2, 2023.
             Slain by a jackal (2 damage)
             ... on level 1 of the Dungeon.
             The game lasted 00:00:06 (63 turns).

jimonade the Grasshopper (Gnoll Warper)               Turns: 63, Time: 00:00:07

Health: -1/20      AC:  3    Str: 10    XL:     1   Next: 20%
Magic:  6/6        EV: 12    Int: 12    God:
Gold:   0          SH:  0    Dex: 11    Spells: 9/9 levels left

rFire   . . .      SeeInvis .    a - +0 short sword
rCold   . . .      Faith    .    (no shield)
rNeg    . . .      Spirit   .    b - +0 leather armour
rPois   .          Reflect  .    (no helmet)
rElec   .          Harm     .    (no cloak)
rCorr   .          Rampage  .    (no gloves)
Will    .....                    (no boots)
Stlth   +                        (no amulet)
HPRegen 0.23/turn                (no ring)
MPRegen 0.10/turn                (no ring)

@: no status effects
A: fangs 1, strong nose, distributed training
a: no special abilities


You were on level 1 of the Dungeon.
You visited 1 branch of the dungeon, and saw 1 of its levels.

Inventory:

Hand Weapons
 a - a +0 short sword (weapon)
Missiles
 d - 7 boomerangs of dispersal (quivered)
Armour
 b - a +0 leather armour (worn)
Scrolls
 c - a scroll of blinking


   Skills:
 + Level 4.4 Fighting
 + Level 4.4 Short Blades
 + Level 0.0 Long Blades
 + Level 0.0 Axes
 + Level 0.0 Maces & Flails
 + Level 0.0 Polearms
 + Level 0.0 Staves
 + Level 0.0 Ranged Weapons
 + Level 2.3 Throwing
 + Level 2.3 Armour
 + Level 4.4 Dodging
 + Level 0.0 Stealth
 + Level 0.0 Shields
 + Level 0.0 Unarmed Combat
 + Level 4.8 Spellcasting
 + Level 0.0 Conjurations
 + Level 0.0 Hexes
 + Level 0.0 Summonings
 + Level 0.0 Necromancy
 + Level 5.3 Translocations
 + Level 0.0 Transmutations
 + Level 0.0 Fire Magic
 + Level 0.0 Ice Magic
 + Level 0.0 Air Magic
 + Level 0.0 Earth Magic
 + Level 0.0 Poison Magic
 + Level 0.0 Invocations
 + Level 0.0 Evocations


You had 9 spell levels left.
You didn't know any spells.
Your spell library contained the following spells:

 Spells                   Type           Power      Damage    Failure   Level
 Blink                    Tloc           30%        N/A       4%          2
 Lesser Beckoning         Tloc           30%        N/A       4%          2
 Teleport Other           Tloc           15%        N/A       9%          3
 Vhi's Electric Charge    Tloc/Air       18%        N/A       26%         3
 Manifold Assault         Tloc           15%        N/A       30%         4


Dungeon Overview and Level Annotations

Branches:
Dungeon (1/15)

Altars:


Innate Abilities, Weirdness & Mutations

You have very sharp teeth.
Your uncanny sense of smell can sniff out nearby items.
Your experience applies equally to all skills.


Message History

The ball python bites you but does no damage.
The ball python barely misses you.
You hit the ball python.
You kill the ball python!
No target in view!
No target in view!
You see here a ball python corpse.
A sourceless malevolence fills the Dungeon... and a teleportation trap spontaneously manifests!
You are yanked towards some nearby monsters!
Your surroundings suddenly seem different. 4 jackals come into view.
Found 8 gold pieces.
The jackal barks! x3
The jackal bites you.
The jackal barks!
You hit the jackal.
The jackal is lightly wounded.
The jackal barely misses you.
You closely miss the jackal.
The jackal is lightly wounded.
The jackal closely misses you.
The jackal bites you but does no damage.
The jackal bites you.
You closely miss the jackal.
The jackal is lightly wounded.
The jackal bites you. x4
You are too injured to fight recklessly!
You are too injured to fight recklessly!
You are too injured to fight recklessly!
You are too injured to fight recklessly!
You are too injured to fight recklessly!
You are too injured to fight recklessly!
The jackal bites you.
* * * LOW HITPOINT WARNING * * *
The jackal barely misses you. The jackal bites you.
* * * LOW HITPOINT WARNING * * *
The jackal misses you. The jackal bites you.
* * * LOW HITPOINT WARNING * * *
The jackal bites you.
You die...

∆ #
##.####### #
#...h..$.#
##
#...h@...#
.##
#...hh...#
..#####
...........#
⌠.....+
####.#######
..##### #.
.## # ## #


You could see 4 jackals.

Vanquished Creatures
  A ball python (D:1)
1 creature vanquished.

Notes
Turn   | Place    | Note
-------+----------+-------------------------------------------
     0 | D:1      | jimonade the Gnoll Warper began the quest for the Orb.
     0 | D:1      | Reached XP level 1. HP: 20/20 MP: 6/6
    63 | D:1      | HP: 1/20 [jackal (2)]
    63 | D:1      | Slain by a jackal

Illustrated notes

Levels and vault maps discovered:
D:1:      evilmike_arrival_plus, layout_basic, serial_shops, nicolae_shop_stone,
          amcnicky_mini_rare_corridor_liquid

Action                     || total
---------------------------++-------
  Melee: Short sword       ||     4
 Armour: Leather armour    ||     2
  Dodge: Dodged            ||     5

Table legend: (Time is in decaauts)
 A = Elapsed time spent in this place.
 B = Non-inter-level travel time spent in this place.
 C = Inter-level travel time spent in this place.
 D = Time resting spent in this place.
 E = Time spent auto-exploring this place.
 F = Levels seen in this place.
 G = Mean time per level.
                   A        B        C        D        E       F      G
               +--------+--------+--------+--------+--------+-----+--------+
         Total |     62 |     62 |      0 |      0 |     54 |   1 |   62.0 |
       Dungeon |     62 |     62 |      0 |      0 |     54 |   1 |   62.0 |
               +--------+--------+--------+--------+--------+-----+--------+

Top non-repeatable levels by time:
     D:1: 62 daAuts
